 Dungeon Crawl Stone Soup version bcrawl-1.14 (webtiles) character file.

Game seed: 14379069127109512461

93 Revguard the Ducker (level 4, -2/36 HPs)
             Began as a Hill Orc Archaeologist on Sept 6, 2019.
             Slain by an ogre
             ... wielding a +0 giant spiked club
              (18 damage)
             ... on level 2 of the Dungeon.
             The game lasted 00:03:54 (1878 turns).

Revguard the Ducker (Hill Orc Archaeologist)        Turns: 1878, Time: 00:03:55

Health: -2/36      AC:  9    Str: 12 (13) XL:     4   Next: 61%
Magic:  4/4        EV:  9    Int: 12 (14) God:
Gold:   67         SH:  0    Dex:  9 (10) Spells: 3/3 levels left

rFire    + . .     SeeInvis .   j - +0 hand axe
rCold    . . .     Gourm    .   (no shield)
rNeg     . . .     Faith    .   i - +0 scale mail
rPois    .         Spirit   .   c - +1 hat
rElec    .         Reflect  .   (no cloak)
rCorr    .         Harm     .   (no gloves)
MR       .....                  d - +1 pair of boots
Stlth    +.........             (no amulet)
HPRegen  0.12/turn              p - ring of protection from fire
MPRegen  0.09/turn              (no ring)

@: studying Shields
A: no striking features
a: no special abilities


You were on level 2 of the Dungeon.
You were not hungry.

You visited 1 branch of the dungeon, and saw 2 of its levels.

You collected 67 gold pieces.

Inventory:

Hand Weapons
 a - a +0 whip
 j - a +0 hand axe (weapon)
Armour
 c - a +1 hat (worn)
 d - a +1 pair of boots (worn)
 i - a +0 scale mail (worn)
Jewellery
 p - a ring of protection from fire (left hand)
Scrolls
 h - a scroll of amnesia {unknown}
 m - a scroll of enchant weapon {unknown}
Potions
 b - a potion of degeneration
 k - 2 potions of curing
Books
 e - a manual of Shields
Miscellaneous
 f - an ancient crate
Comestibles
 g - 2 rations {!d}
 l - a chunk of flesh


   Skills:
 - Level 1.7 Fighting
   Level 1.7 Short Blades
   Level 1.7 Long Blades
   Level 1.7 Axes
   Level 1.7 Maces & Flails
   Level 1.7 Polearms
   Level 1.7 Staves
 - Level 2.0 Armour
 - Level 3.2 Dodging
 - Level 2.6 Stealth
 * Level 1.9 Shields
   Level 1.7 Unarmed Combat


You had 3 spell levels left.
You didn't know any spells.
Your spell library was empty.

Dungeon Overview and Level Annotations

Branches:
Dungeon (2/12)

Altars:
Dithmenos
Ru


Message History

l - 2 chunks of flesh Eating one of 2 chunks of flesh.
You eat one of the 2 chunks of flesh.
This raw flesh tastes terrible.
Found a dagger.
An ogre comes into view. It is wielding a +0 giant spiked club.
The ogre shouts!
It was a potion of degeneration.
There was something very wrong with that liquid.
You feel weakened.
You feel dopey.
You feel clumsy.
It was a potion of magic.
Magic courses through your body.
The ogre hits you with a +0 giant spiked club!
Your scale mail prevents you from hitting the ogre.
The ogre barely misses you.
You hit the ogre.
The ogre is moderately wounded.
You closely miss the ogre.
The ogre is moderately wounded.
The ogre hits you with a +0 giant spiked club!!
Ouch! That really hurt!
You die...

#.## #.##.# #.#
#.#.....
##.######.##.### #.#
#.....#. #.........#
... #.# #####.#.
.#.#######
####.##.###### #.#.
.#.# )............#
##.#. .#.#
###)##.####.# #....
.#.# #. #.# #.#
#..## .#.#
#.####.##.# #.# #..#
.#.####........O@..#
#.# #..#
...........####.####
#.# #..# .#.####.##
#. #.# #..# <#.# #.
##.#####..# ... #.
#.........# #.# #.
#.######### #.# #.
#.# #.# #. #.# #.#
#.#


You could see an ogre.

Vanquished Creatures
  A crimson imp (D:2)
  2 oozes (D:1)
  A worm (D:2)
  2 dart slugs (D:1)
  A leopard gecko (D:1)
  4 orcs (D:2)
  3 giant cockroaches (D:2)
  2 goblins (D:1)
  6 hobgoblins
  3 jackals (D:2)
  5 bats
  A frilled lizard (D:2)
  2 kobolds
  4 rats
37 creatures vanquished.

Notes
Turn   | Place    | Note
-------+----------+-------------------------------------------
     0 | D:1      | Revguard the Hill Orc Archaeologist began the quest for the
                  | Orb.
     0 | D:1      | Reached XP level 1. HP: 15/15 MP: 1/1
   170 | D:1      | Reached skill level 1 in Fighting
   170 | D:1      | Reached XP level 2. HP: 23/23 MP: 2/2
   426 | D:1      | Reached skill level 1 in Armour
   632 | D:1      | Reached XP level 3. HP: 19/28 MP: 3/3
   659 | D:1      | Reached skill level 3 in Dodging
  1044 | D:2      | Found a shadowy altar of Dithmenos.
  1062 | D:2      | Reached skill level 1 in Shields
  1511 | D:2      | Found a sacrificial altar of Ru.
  1547 | D:2      | Reached XP level 4. HP: 31/35 MP: 4/4
  1871 | D:2      | Noticed an ogre
  1878 | D:2      | Slain by an ogre

Skill      XL: |  1  2  3  4 |
---------------+-------------+-----
Fighting       | 1 |  1.7
Armour         | 1 2 |  2.0
Dodging        | 3 |  3.2
Shields        | 1 |  1.9
Short Blades   | |  1.7
Long Blades    | |  1.7
Axes           | |  1.7
Maces & Flails | |  1.7
Polearms       | |  1.7
Staves         | |  1.7
Stealth        | |  2.6
Unarmed Combat | |  1.7

Action                   |  1- 3 |  4- 6 || total
-------------------------+-------+-------++-------
Melee: Whip              |    28 |       ||    28
       Hand axe          |   106 |   104 ||   210
       Punch             |     2 |       ||     2
  Use: Potion            |     3 |     2 ||     5
 Stab: Sleeping          |     4 |       ||     4
  Eat: Chunk             |     2 |     2 ||     4
Armor: Robe              |    19 |       ||    19
       Ring mail         |    45 |       ||    45
       Scale mail        |     4 |    49 ||    53
Dodge: Dodged            |    91 |    46 ||   137
